Map: Année zéro EC

Players

Sorandom - Winner!

  • Race: Zerg Zerg
  • League: Diamond
  • Spawn Location: 1:00

Aquin

  • Race: Terran Terran
  • League: Diamond
  • Spawn Location: 11:00

VOD

Have the link to the VOD?

Description

Time

  • Played on: April 12, 2019, 11:39 p.m.
  • Length: 7:59
Show
View Real Time Build Order
Export as new Build Order

Sorandom Zerg - Winner!

Build Orders: Pool Only, Ravager All-In 

Get SALT Encoding   

  12  0:20  Spawning Pool  
  11  0:23  Drone  
  11  0:27  Drone  
  13  0:31  Drone  
  14  0:36  Extractor  
  14  0:38  Drone  
  14  0:41  Extractor  
  13  0:55  Drone  
  14  1:07  Roach Warren  
  13  1:11  Drone  
  14  1:19  Overlord  
  14  1:27  Overlord  
  14  1:48  Roach  
  14  1:49  Roach  
  18  1:57  Roach  
  20  2:09  Ravager x2  
  22  2:17  Ravager  
  22  2:20  Roach  
  25  2:35  Roach  
  26  2:45  Roach  
  28  2:56  Ravager  
  29  3:00  Overlord  
  29  3:24  Roach x2  
  33  3:39  Roach  
  35  3:56  Roach  
  31  4:16  Ravager  
  29  4:17  Roach x2  
  29  4:22  Ravager x2  
  35  4:28  Ravager  
  35  4:29  Ravager  
  37  4:45  Overlord  
  34  5:04  Roach  
  36  5:20  Roach x2  
  31  5:40  Roach  
  31  5:42  Ravager x2  
  35  5:43  Ravager  
  36  5:58  Roach  
  38  6:05  Roach  
  40  6:15  Roach  
  42  6:28  Roach  
  42  6:31  Ravager  
  45  6:35  Ravager  
  46  6:51  Overlord  
  40  7:18  Roach x2  
  50  7:52  Ravager  
Show
View Real Time Build Order
Export as new Build Order

Aquin Terran 

Build Orders:  

Get SALT Encoding   

  12  0:01  SCV  
  13  0:13  SCV  
  14  0:18  Supply Depot  
  14  0:25  SCV  
  15  0:40  SCV  
  15  0:42  Barracks  
  16  0:46  Refinery  
  16  0:52  SCV  
  17  1:04  SCV  
  18  1:17  SCV  
  19  1:37  Reaper, Bunker  
  19  1:38  Orbital Command  
  20  1:40  Bunker  
  20  1:51  Supply Depot  
  20  2:03  SCV  
  21  2:09  Barracks Tech Lab  
  21  2:15  SCV  
  21  2:18  Factory  
  22  2:27  SCV  
  23  2:34  Marauder  
  25  2:40  SCV  
  25  2:41  Refinery  
  26  2:46  Concussive Shells  
  26  2:52  SCV  
  26  2:53  Supply Depot  
  26  2:58  Marauder  
  29  3:03  Factory Tech Lab  
  29  3:06  SCV  
  28  3:21  Marauder  
  30  3:31  Siege Tank  
  29  3:42  Marine  
  29  4:00  Marine  
  29  4:17  Supply Depot  
  29  4:30  Supply Depot, SCV, Marine  
  31  4:43  SCV  
  31  4:44  Supply Depot  
  32  4:49  Siege Tank  
  35  5:06  Marauder  
  23  5:17  SCV  
  21  5:29  SCV  
  17  5:41  SCV  
  15  6:10  Factory Tech Lab  
  14  6:30  Siege Tank  
  17  6:33  Supply Depot x2  
  17  6:57  Barracks  
Tags
 
Matchup
TvZ
Opening
Pool Only
Replay Pack
Pack
Spawn Locations
Close Positions
Add a new tag
Caveats
  • Supply blocks, unpowered buildings, or Contaminate may cause inaccurate times.
  • Supply counts are checked every 10 seconds.